 Dungeon Crawl Stone Soup version 0.23.1 (webtiles) character file.

Game seed: 6244513054254955091

646 Borgoz the Cutter (level 7, -2/58 (60) HPs)
             Began as a Ghoul Monk on Mar 18, 2019.
             Was a Believer of Ashenzari.
             Slain by an ogre
             ... wielding a +0 giant club
              (13 damage)
             ... on level 5 of the Dungeon.
             The game lasted 00:05:52 (4104 turns).

Borgoz the Cutter (Ghoul Monk)                      Turns: 4104, Time: 00:05:53

HP:   -2/58 (60)    AC:  8    Str: 15      XL:     7   Next: 52%
MP:   6/6           EV: 12    Int:  7      God:    Ashenzari [**....]
Gold: 266           SH:  0    Dex: 10 (11) Spells: 6/6 levels left

rFire    . . .     SeeInvis .   e - +3 dagger
rCold    + . .     Gourm    .   (no shield)
rNeg     + + +     Faith    .   b - +0 ring mail (curse)
rPois    ∞         Spirit   .   (no helmet)
rElec    .         Reflect  .   (no cloak)
rCorr    .         Harm     .   j - +2 pair of gloves
MR       .....                  (no boots)
Stlth    ++........             (no amulet)
HPRegen  0.00/turn              (no ring)
MPRegen  0.10/turn              (no ring)

@: about to teleport, rotting
A: rotting body, claws 1, carnivore, cold resistance 1, negative energy
resistance 3, inhibited regeneration, torment resistance, unbreathing
a: Curse Item, Scrying, Renounce Religion


You were on level 5 of the Dungeon.
You worshipped Ashenzari.
Ashenzari was pleased with you.
You were not hungry.

You visited 2 branches of the dungeon, and saw 6 of its levels.

You collected 266 gold pieces.

Inventory:

Hand Weapons
 e - a +3 dagger (weapon)
Missiles
 p - a throwing net (quivered)
Armour
 b - a cursed +0 ring mail (worn)
 j - a +2 pair of gloves (worn)
Scrolls
 a - 2 scrolls of teleportation
 d - 3 scrolls of identify {unknown}
 g - 5 scrolls of remove curse
 h - 2 scrolls of fear {unknown}
 k - 3 scrolls of enchant armour {unknown}
 l - a scroll of magic mapping {unknown}
 m - 2 scrolls of random uselessness {unknown}
 n - a scroll of enchant weapon {unknown}
 o - a scroll of amnesia {unknown}
 s - a scroll of immolation {unknown}
Comestibles
 c - 7 rations


   Skills:
 + Level 4.7 Fighting
 + Level 4.7 Short Blades
 + Level 2.7 Armour
 + Level 4.0 Dodging
 + Level 4.7 Stealth


You had 6 spell levels left.
You didn't know any spells.
Your spell library contained the following spells:

 Spells                   Type           Power        Failure   Level  Hunger
 Magic Dart               Conj           #...         65%         1    ##.....
 Blink                    Tloc           N/A          80%         2    ###....
 Call Imp                 Summ           #.......     80%         2    ###....
 Slow                     Hex            #.......     80%         2    ###....
 Sticks to Snakes         Tmut           #.......     80%         2    ###....
 Conjure Flame            Conj/Fire      #.......     95%         3    ####...
 Mephitic Cloud           Conj/Pois/Air  #.......     95%         3    ####...
 Beastly Appendage        Tmut           Unusable     N/A         1    N/A
 Spider Form              Tmut/Pois      Unusable     N/A         3    N/A
 Ice Form                 Ice/Tmut       Unusable     N/A         4    N/A
 Blade Hands              Tmut           Unusable     N/A         5    N/A

Dungeon Overview and Level Annotations

Branches:
Dungeon (5/15)             Temple (1/1) D:5

Altars:
Ashenzari
Cheibriados
Dithmenos
Elyvilon
Fedhas
Gozag
Hepliaklqana
Kikubaaqudgha
Makhleb
Nemelex Xobeh
Okawaru
Ru
Sif Muna
Trog
Uskayaw
Vehumet
Wu Jian
Xom
Yredelemnul
Zin
The Shining One


Innate Abilities, Weirdness & Mutations

Your body is rotting away.
You thrive on raw meat.
You are immune to poison.
You have sharp fingernails.
You are carnivorous and can eat meat at any time.
Your flesh is cold resistant. (rC+)
You are immune to negative energy. (rN+++)
You do not regenerate when monsters are visible.
You are immune to unholy pain and torment.
You can survive without breathing.


Message History

The worker ant bites you but does no damage.
You hit the worker ant.
The worker ant is moderately wounded.
An orc priest comes into view.
The orc priest shouts!
The orc priest mumbles some strange prayers to Beogh against you.
Beogh smites you!
* * * LOW HITPOINT WARNING * * *
The worker ant bites you but does no damage.
An orc comes into view. It is wielding a +0 hand axe.
The worker ant bites you but does no damage.
The leopard gecko bites you.
* * * LOW HITPOINT WARNING * * *
As you read the scroll of teleportation, it crumbles to dust.
You feel strangely unstable. The worker ant misses you.
The leopard gecko closely misses you. The worker ant barely misses you.
The leopard gecko bites you.
* * * LOW HITPOINT WARNING * * *
The ogre hits you with a +0 giant club!
You die...

. ....... ..#....
..# #.#(#.##.......
....#.#.#....#.....
#.....(......#...
#.>.#.#... ).
.#...#.#.##....
#....#..a5o.o....
#.##.#.##a#......
.........l@#.o....
#.#.#.#.##O...#o...
. #.#.#....##.#....
..............#..
#......<..##### .
.........%.#
#......#.....#
#........#.....
######.###......


You could see an ogre, 2 worker ants, a shadow imp, an orc and a leopard gecko.

Vanquished Creatures
  A water moccasin (D:5)
  An ice beast (D:4)
  A phantom (D:4)
  A scorpion (D:4)
  A howler monkey (D:4)
  2 orc priests
  An orc wizard (D:3)
  A worker ant (D:5)
  6 adders
  2 oozes (D:1)
  An adder skeleton (D:4)
  4 dart slugs
  6 leopard geckos
  11 orcs
  A giant cockroach (D:4)
  5 goblins
  7 hobgoblins
  9 jackals
  A quokka (D:2)
  A ball python (D:2)
  6 bats
  4 frilled lizards
  A jackal skeleton (D:4)
  3 kobolds
  A leopard gecko skeleton (D:5)
  9 rats
87 creatures vanquished.

Notes
Turn   | Place    | Note
-------+----------+-------------------------------------------
     0 | D:1      | Borgoz the Ghoul Monk began the quest for the Orb.
     0 | D:1      | Reached XP level 1. HP: 19/19 MP: 0/0
   112 | D:1      | Reached XP level 2. HP: 16/26 MP: 1/1
   308 | D:1      | Reached XP level 3. HP: 30/33 MP: 2/2
   918 | D:2      | Reached XP level 4. HP: 38/40 MP: 3/3
  1627 | D:3      | Found a faded altar of an unknown god.
  1664 | D:3      | Reached XP level 5. HP: 19/46 MP: 4/4
  1914 | D:3      | Reached skill level 1 in Armour
  2676 | D:4      | Reached XP level 6. HP: 29/50 MP: 5/5
  3016 | D:4      | Noticed an ice beast
  3042 | D:4      | Killed an ice beast
  3271 | D:4      | Noticed a phantom
  3320 | D:4      | Killed a phantom
  3320 | D:4      | Reached XP level 7. HP: 32/58 MP: 6/6
  3779 | D:5      | Entered Level 5 of the Dungeon
  3781 | D:5      | Found a staircase to the Ecumenical Temple.
  3816 | Temple   | Entered the Ecumenical Temple
  4053 | Temple   | Became a worshipper of Ashenzari the Shackled
  4053 | Temple   | Reached * piety under Ashenzari
  4053 | Temple   | Reached ** piety under Ashenzari
  4104 | D:5      | Slain by an ogre

Skill      XL: |  1  2  3  4  5  6  7 |
---------------+----------------------+-----
Dodging        | 3 4 |  4.0
Short Blades   | 3 4 |  4.7
Fighting       | 4 |  4.7
Stealth        | 3 4 |  4.7
Armour         | 1 2 |  2.7

Action                   |  1- 3 |  4- 6 |  7- 9 || total
-------------------------+-------+-------+-------++-------
Melee: Dagger            |    96 |   292 |    42 ||   430
       Short sword       |     4 |       |       ||     4
  Use: Potion            |       |     5 |     1 ||     6
       Scroll            |       |     1 |     1 ||     2
 Stab: Sleeping          |     6 |     4 |       ||    10
       Invisible         |       |     8 |       ||     8
  Eat: Chunk             |     3 |    10 |     3 ||    16
Armor: Robe              |     7 |       |       ||     7
       Ring mail         |    13 |    81 |    18 ||   112
Dodge: Dodged            |    49 |   142 |    33 ||   224
